Map: Ley Lines

Players

Hummingbird - Winner!

  • Race: Terran Terran
  • League: Diamond
  • Spawn Location: 7:00

ManlyManMeat

  • Race: Protoss Protoss
  • League: Master
  • Spawn Location: 1:00

VOD

Have the link to the VOD?

Description

Time

  • Played on: June 17, 2025, 1:23 p.m.
  • Length: 3:28
Show
View Real Time Build Order
Export as new Build Order

Hummingbird Terran - Winner!

Build Orders:  

Get SALT Encoding   

  12  0:00  SCV  
  13  0:13  SCV  
  14  0:17  Supply Depot  
  14  0:25  SCV  
  15  0:38  SCV  
  15  0:40  Barracks  
  16  0:50  SCV  
  16  0:53  Barracks  
  17  1:02  SCV  
  18  1:10  Barracks  
  18  1:15  SCV  
  19  1:30  Barracks  
  19  1:31  Marine  
  20  1:34  SCV  
  20  1:38  Refinery  
  21  1:44  Bunker  
  21  1:47  Marine  
  21  1:53  Orbital Command  
  22  2:14  Marine  
  23  2:19  Supply Depot  
  23  2:22  Barracks Tech Lab  
  23  2:31  Marine x2, SCV  
  26  2:40  Marine  
  26  2:44  Marine  
  27  2:46  Refinery  
  28  2:56  SCV  
  29  2:58  Marine x2  
  29  2:59  Marine  
  29  3:03  Marauder  
Show
View Real Time Build Order
Export as new Build Order

ManlyManMeat Protoss 

Build Orders:  

Get SALT Encoding   

  12  0:01  Probe  
  13  0:13  Probe  
  14  0:25  Pylon, Probe  
  15  0:43  Probe  
  15  0:45  Gateway  
  16  0:51  Gateway  
  16  0:56  Probe  
  17  1:05  Gateway  
  17  1:10  Probe  
  18  1:20  Gateway  
  18  1:26  Pylon  
  18  1:28  Zealot  
  20  1:36  Zealot  
  20  1:40  Pylon  
  22  1:52  Zealot  
  22  1:56  Pylon  
  24  2:05  Zealot  
  24  2:07  Zealot  
  26  2:10  Zealot  
  28  2:22  Zealot  
  32  2:32  Zealot  
  32  2:34  Zealot  
  36  2:42  Zealot  
  38  2:49  Zealot  
  40  2:59  Zealot  
Tags
 
Matchup
PvT
Replay Pack
Myownreplay2
Spawn Locations
Cross Positions
Add a new tag
Caveats
  • Supply blocks, unpowered buildings, or Contaminate may cause inaccurate times.
  • Supply counts are checked every 10 seconds.